 Dungeon Crawl Stone Soup version 0.28.0-53-g5a82cb258f (webtiles) character file.

Game seed: 13266129298726941809

397 jiml777 the Gusty (level 6, -8/44 HPs)
             Began as a Gnoll Air Elementalist on July 26, 2022.
             Killed from afar by a steam dragon (14 damage)
             ... with a ball of steam
             ... on level 4 of the Dungeon.
             The game lasted 00:22:27 (5401 turns).

jiml777 the Gusty (Gnoll Air Elementalist)          Turns: 5401, Time: 00:22:27

Health: -8/44      AC:  4    Str:  8    XL:     6   Next: 83%
Magic:  22/23      EV: 13    Int: 16    God:
Gold:   224        SH:  0    Dex: 12    Spells: 5/15 levels left

rFire   . . .      SeeInvis .   e - +0 short sword
rCold   . . .      Faith    .   (no shield)
rNeg    . . .      Spirit   .   a - +0 robe
rPois   .          Reflect  .   (no helmet)
rElec   .          Harm     .   m - +1 cloak
rCorr   .          Rampage  .   (no gloves)
Will    .....                   (no boots)
Stlth   +++.......              (no amulet)
HPRegen 0.14/turn               n - ring of magical power
MPRegen 0.18/turn               (no ring)

@: no status effects
A: fangs 1, strong nose, distributed training
a: no special abilities


You were on level 4 of the Dungeon.
You visited 1 branch of the dungeon, and saw 4 of its levels.

You collected 224 gold pieces.

Inventory:

Hand Weapons
 d - a +0 whip
 e - a +0 short sword (weapon)
 p - a +0 hunting sling of freezing
Missiles
 c - 8 poisoned darts
 f - 49 bolts
 g - 21 sling bullets
 h - 31 arrows
 k - 124 stones
Armour
 a - a +0 robe (worn)
 m - a +1 cloak (worn)
Jewellery
 n - a ring of magical power (left hand)
Scrolls
 o - 2 scrolls of teleportation
 r - a scroll of identify
Potions
 b - 2 potions of berserk rage
 i - a potion of mutation {unknown}
 j - a potion of lignification {unknown}
 l - 2 potions of curing {unknown}
 q - a potion of attraction {unknown}
 s - a potion of flight {unknown}


   Skills:
 + Level 2.1 Fighting
 + Level 2.1 Short Blades
 + Level 2.1 Long Blades
 + Level 2.1 Axes
 + Level 2.1 Maces & Flails
 + Level 2.1 Polearms
 + Level 2.1 Staves
 + Level 2.1 Slings
 + Level 2.1 Bows
 + Level 2.1 Crossbows
 + Level 2.1 Throwing
 + Level 2.1 Armour
 + Level 5.0 Dodging
 + Level 4.7 Stealth
 + Level 2.1 Shields
 + Level 2.1 Unarmed Combat
 + Level 5.4 Spellcasting
 + Level 2.7 Conjurations
 + Level 1.7 Hexes
 + Level 1.7 Summonings
 + Level 1.7 Necromancy
 + Level 1.7 Translocations
 + Level 1.7 Transmutations
 + Level 1.7 Fire Magic
 + Level 1.7 Ice Magic
 + Level 5.7 Air Magic
 + Level 1.7 Earth Magic
 + Level 1.7 Poison Magic
 + Level 2.3 Invocations
 + Level 2.1 Evocations


You had 5 spell levels left.
You knew the following spells:

 Your Spells              Type           Power      Damage    Failure   Level
a - Shock                 Conj/Air       68%        1d7       2%          1
b - Static Discharge      Conj/Air       17%        N/A       3%          2
c - Swiftness             Air            22%        N/A       4%          3
d - Airstrike             Air            11%        N/A       14%         4

Your spell library contained the following spells:

 Spells                   Type           Power      Damage    Failure   Level
 Beastly Appendage        Tmut           18%        N/A       7%          1
 Wereblood                Tmut           9%         N/A       11%         2
 Spider Form              Tmut/Pois      9%         N/A       22%         3


Dungeon Overview and Level Annotations

Branches:
Dungeon (4/15)
 Temple: D:4-7

Altars:

Annotations:
D:4 1 transporter, aChris07's ghost, novice GrVM


Innate Abilities, Weirdness & Mutations

You have very sharp teeth.
Your uncanny sense of smell can sniff out nearby items.
Your experience applies equally to all skills.


Message History

The worm is severely wounded.
You hit the worm.
The worm is almost dead.
The worm barely misses you.
You hit the worm.
You kill the worm!
You see here a worm corpse.
A steam dragon comes into view.
The steam dragon hisses angrily.
You closely miss the steam dragon. The steam dragon breathes steam at you.
The ball of steam misses you.
You hit the steam dragon but do no damage.
You are engulfed in a cloud of scalding steam.
The steam dragon completely misses you. The steam dragon closely misses you.
Unknown command.
You are engulfed in a cloud of scalding steam.
The steam dragon breathes steam at you. The ball of steam hits you!!
* * * LOW HITPOINT WARNING * * *
You are engulfed in a cloud of scalding steam.
You are engulfed in a cloud of scalding steam.
* * * LOW HITPOINT WARNING * * *
You are engulfed in a cloud of scalding steam.
You see here a worm corpse.
Really walk into that cloud of steam? [Y]es or [N]o only, please.
Really walk into that cloud of steam?
Okay, then.
Unknown command.
Casting: Shock (safe; 2% risk of failure)
Confirm with . or Enter, or press ? or * to list all spells.
Aiming: Shock (safe; 2% risk of failure)
Press: ? - help, Shift-Dir - straight line, f - steam dragon
Aim: a steam dragon (catching its breath, 71% to hit)
The zap hits the steam dragon.
The steam dragon is lightly wounded.
The steam dragon breathes steam at you. The ball of steam hits you!
You die...

..........).....>#
#######..†.....###
#.......<#
#........#
#........#
#........#
######'#...#
#.###########.###
#....@§D........#
#################
.##...##..#
#..#.#..#.#
#..#.#..#.#


You could see a steam dragon (catching breath).

Vanquished Creatures
  Sigmund (D:3)
  A scorpion (D:4)
  A howler monkey (D:4)
  An iguana (D:4)
  4 adders
  3 worms
  A dart slug (D:3)
  4 orcs
  6 ball pythons
  3 bats
  7 endoplasms
  6 giant cockroaches
  7 goblins
  8 hobgoblins
  2 jackals (D:1)
  2 quokkas
  3 frilled lizards
  6 kobolds
  5 rats
71 creatures vanquished.

Notes
Turn   | Place    | Note
-------+----------+-------------------------------------------
     0 | D:1      | jiml777 the Gnoll Air Elementalist began the quest for the
                  | Orb.
     0 | D:1      | Reached XP level 1. HP: 13/13 MP: 6/6
   418 | D:1      | Reached XP level 2. HP: 19/19 MP: 4/7
  1283 | D:1      | Reached XP level 3. HP: 25/25 MP: 7/9
  1501 | D:2      | Reached skill level 5 in Spellcasting
  1512 | D:2      | Found a faded altar of an unknown god.
  1701 | D:2      | HP: 1/25 [worm (8)]
  2272 | D:2      | Reached skill level 1 in Invocations
  2469 | D:2      | Learned a level 2 spell: Static Discharge
  2541 | D:3      | Reached skill level 1 in Fighting
  2541 | D:3      | Reached skill level 1 in Short Blades
  2541 | D:3      | Reached skill level 1 in Long Blades
  2541 | D:3      | Reached skill level 1 in Axes
  2541 | D:3      | Reached skill level 1 in Maces & Flails
  2541 | D:3      | Reached skill level 1 in Polearms
  2541 | D:3      | Reached skill level 1 in Staves
  2541 | D:3      | Reached skill level 1 in Slings
  2541 | D:3      | Reached skill level 1 in Bows
  2541 | D:3      | Reached skill level 1 in Crossbows
  2541 | D:3      | Reached skill level 1 in Throwing
  2541 | D:3      | Reached skill level 1 in Armour
  2541 | D:3      | Reached skill level 1 in Shields
  2541 | D:3      | Reached skill level 1 in Unarmed Combat
  2541 | D:3      | Reached skill level 1 in Evocations
  2764 | D:3      | Reached XP level 4. HP: 27/32 MP: 11/11
  3076 | D:3      | Noticed Sigmund
  3249 | D:2      | Learned a level 3 spell: Swiftness
  3254 | D:2      | Learned a level 4 spell: Airstrike
  3501 | D:3      | Killed Sigmund
  3502 | D:3      | Reached skill level 1 in Hexes
  3502 | D:3      | Reached skill level 1 in Summonings
  3502 | D:3      | Reached skill level 1 in Necromancy
  3502 | D:3      | Reached skill level 1 in Translocations
  3502 | D:3      | Reached skill level 1 in Transmutations
  3502 | D:3      | Reached skill level 1 in Fire Magic
  3502 | D:3      | Reached skill level 1 in Ice Magic
  3502 | D:3      | Reached skill level 1 in Earth Magic
  3502 | D:3      | Reached skill level 1 in Poison Magic
  3502 | D:3      | Reached XP level 5. HP: 23/38 MP: 12/12
  3502 | D:3      | Reached XP level 6. HP: 27/44 MP: 13/13
  4224 | D:4      | Found a transporter.
  4225 | D:4      | Noticed aChris07's ghost (novice GrVM)
  4226 | D:4      | Identified the +7 great mace of the Dungeon {spect, rCorr
                  | Int+3}
  4539 | D:4      | Reached skill level 5 in Dodging
  5390 | D:4      | Noticed a steam dragon
  5401 | D:4      | Killed from afar by a steam dragon

Illustrated notes

Levels and vault maps discovered:
D:1:      nzn_arrival_crosshair, layout_loops_ring
D:2:      layout_basic, shapermc_ecumenical_altar_venn
D:3:      layout_loops_ring, uniq_sigmund
D:4:      layout_basic, gammafunk_ghost_smash, grunt_decor_clamped

Skill      XL: |  1  2  3  4  5  6 |
---------------+-------------------+-----
Conjurations   | 2 |  2.7
Spellcasting   | 5 |  5.4
Invocations    | 1 2 |  2.3
Fighting       | 1 2 |  2.1
Short Blades   | 1 2 |  2.1
Long Blades    | 1 2 |  2.1
Axes           | 1 2 |  2.1
Maces & Flails | 1 2 |  2.1
Polearms       | 1 2 |  2.1
Staves         | 1 2 |  2.1
Slings         | 1 2 |  2.1
Bows           | 1 2 |  2.1
Crossbows      | 1 2 |  2.1
Throwing       | 1 2 |  2.1
Armour         | 1 2 |  2.1
Shields        | 1 2 |  2.1
Unarmed Combat | 1 2 |  2.1
Evocations     | 1 2 |  2.1
Hexes          | 1 |  1.7
Summonings     | 1 |  1.7
Necromancy     | 1 |  1.7
Translocations | 1 |  1.7
Transmutations | 1 |  1.7
Fire Magic     | 1 |  1.7
Ice Magic      | 1 |  1.7
Earth Magic    | 1 |  1.7
Poison Magic   | 1 |  1.7
Dodging        | 5 |  5.0
Stealth        | |  4.7
Air Magic      | |  5.7

Action                   |  1- 3 |  4- 6 || total
-------------------------+-------+-------++-------
Melee: Short sword       |    81 |   125 ||   206
       Bite              |     5 |    13 ||    18
       Punch             |       |     1 ||     1
 Cast: Shock             |    26 |    22 ||    48
  Use: Scroll            |     5 |     1 ||     6
 Stab: Sleeping          |     5 |     8 ||    13
Armor: Robe              |    20 |    28 ||    48
Dodge: Dodged            |    68 |    87 ||   155
